 Dungeon Crawl Stone Soup version 0.18-a0-626-geb0fed7 (webtiles) character file.

240 Proton the Agent of Entropy (level 5, -2/43 HPs)
             Began as a Demonspawn Abyssal Knight on Dec 4, 2015.
             Was a Priest of Lugonu.
             Slain by a giant gecko (5 damage)
             ... on level 4 of the Dungeon.
             The game lasted 00:08:04 (3462 turns).

Proton the Agent of Entropy (DsAK)                  Turns: 3462, Time: 00:08:05

Health: -2/43      AC:  8    Str: 13    XL:     5   Next: 79%
Magic:  8/8        EV: 12    Int: 13    God:    Lugonu [***...]
Gold:   169        SH:  0    Dex: 13    Spells: 0 memorised, 4 levels left

rFire  + . .     SeeInvis .     a - +1 falchion
rCold  + . .     Clarity  .     s - +3 leather armour
rNeg   . . .     SustAt   .     (no shield)
rPois  .         Gourm    .     l - +0 helmet
rElec  .         Spirit   .     (no cloak)
rCorr  .         Dismiss  .     (no gloves)
rMut   .         Stasis   .     (no boots)
MR     .....                    (no amulet)
Stlth  +.........               i - ring of protection from fire
                                f - ring of protection from cold

@: lethally poisoned (-2 -> -8), not resistant to hostile enchantments, very
unstealthy
A: claws 1, rugged brown scales 1, powered by death 1
a: Depart the Abyss, Bend Space, Banish, Renounce Religion


You were on level 4 of the Dungeon.
You worshipped Lugonu.
Lugonu was most pleased with you.
You were not hungry.

You visited 1 branch of the dungeon, and saw 5 of its levels.
You visited the Abyss 1 time.

You collected 169 gold pieces.

Inventory:

Hand Weapons
 a - a +1 falchion (weapon)
Missiles
 h - 4 tomahawks of returning (quivered)
Armour
 l - a +0 helmet (worn)
 s - a +3 leather armour (worn)
Jewellery
 f - a ring of protection from cold (left claw)
 i - a ring of protection from fire (right claw)
Scrolls
 d - 2 scrolls of enchant weapon {unknown}
 m - a scroll of recharging {unknown}
 n - 2 scrolls of identify {unknown}
 o - 2 scrolls of remove curse
 p - a scroll of random uselessness {unknown}
 r - a scroll of teleportation {unknown}
 u - 2 scrolls of blinking {unknown}
Potions
 b - a potion of magic {unknown}
 c - 2 potions of ambrosia {unknown}
 e - 2 potions of brilliance {unknown}
 g - 2 potions of agility {unknown}
 j - 4 potions of curing {unknown}
 q - 2 potions of resistance {unknown}
 t - a potion of mutation {unknown}
 v - 3 potions of heal wounds {unknown}
 x - a potion of poison {unknown}
Comestibles
 k - a meat ration
 w - 2 bread rations


   Skills:
 + Level 4.0 Fighting
 + Level 2.1 Long Blades
 + Level 3.1 Armour
 + Level 2.6 Dodging
 + Level 4.2 Invocations


You had 4 spell levels left.
You didn't know any spells.

Dungeon Overview and Level Annotations

Branches:
Dungeon (5/15)
 Temple: D:4-7

Altars:
Vehumet


Innate Abilities, Weirdness & Mutations

You have sharp fingernails.
You are partially covered in rugged brown scales (AC +1, +3% HP).
You regenerate a little health from kills.


Message History

You slash the gnoll!
The gnoll is heavily wounded.
You feel sick. The gnoll barely misses you.
The giant gecko bites you but does no damage.
You completely miss the gnoll.
The gnoll is heavily wounded.
You feel sick.
The giant gecko bites you but does no damage.
The gnoll closely misses you. The giant gecko barely misses you.
You hit the gnoll.
The gnoll is almost dead.
You feel less regenerative.
* * * LOW HITPOINT WARNING * * *
You feel sick. The gnoll barely misses you. The giant gecko bites you.
* * * LOW HITPOINT WARNING * * *
You hit the gnoll but do no damage.
The gnoll is almost dead.
* * * LOW HITPOINT WARNING * * *
You feel sick. The giant gecko bites you.
You die...

#. # #.## .# .
#.#. . ## ..
#.#.##.#..# ...
##....#....##
...#.#.#........
.........# .#
..##.#)#####.##
#.l@g.)....#
#.$..)#####..#
#..#.### ..#
.... #. ..# ###
#. ... #. #.##
#. .# #. .#


You could see a gnoll and a giant gecko.

Vanquished Creatures
  A hound skeleton (D:4)
  10 gnolls
  3 adders
  An adder skeleton (D:4)
  4 worms
  16 orcs
  2 ball pythons
  10 bats
  2 giant cockroaches
  5 goblins
  5 hobgoblins
  6 jackals
  3 kobolds
  A quokka (D:3)
  2 giant geckos
  5 giant newts
  A quokka skeleton (D:4)
  5 rats
82 creatures vanquished.

Notes
Turn   | Place    | Note
--------------------------------------------------------------
     0 | Abyss:1  | Proton the Demonspawn Abyssal Knight began the quest for the Orb.
     0 | Abyss:1  | Reached XP level 1. HP: 18/18 MP: 2/2
     8 | D:1      | Escaped the Abyss
    83 | D:1      | Reached skill level 1 in Dodging
   366 | D:1      | Gained mutation: You are partially covered in rugged brown scales (AC +1, +3% HP). [demonic ancestry]
   366 | D:1      | Reached XP level 2. HP: 18/24 MP: 3/3
  1138 | D:2      | Reached ** piety under Lugonu
  1268 | D:2      | Gained mutation: You have sharp fingernails. [demonic ancestry]
  1268 | D:2      | Reached XP level 3. HP: 29/29 MP: 5/5
  1869 | D:2      | Gained mutation: You regenerate a little health from kills. [demonic ancestry]
  1869 | D:2      | Reached XP level 4. HP: 21/36 MP: 6/6
  2709 | D:3      | Reached *** piety under Lugonu
  2855 | D:3      | Reached skill level 4 in Invocations
  2855 | D:3      | Reached XP level 5. HP: 35/43 MP: 6/8
  3157 | D:4      | Noticed an ogre
  3178 | D:5      | Entered Level 5 of the Dungeon
  3178 | D:5      | Found a radiant altar of Vehumet.
  3462 | D:4      | Slain by a giant gecko

Vault maps used:
D:1:      eino_arrival_water_cross, minmay_tree_intersection
D:2:      serial_glass, glass_columns_a, glass_columns_a
D:3:      first_bread
D:4:      lemuel_round_altar, nicolae_overflow_crystal_walls, enter_ossuary_4
D:5:      basic_altar

Action                   |  1- 3 |  4- 6 || total
-------------------------+-------+-------++-------
Melee: Falchion          |   138 |   218 ||   356
Throw: Tomahawk          |     4 |       ||     4
  Use: Scroll            |       |     1 ||     1
  Eat: Bread ration      |     1 |       ||     1
       Meat ration       |       |     1 ||     1
